 Dungeon Crawl Stone Soup version 0.28-a0-998-gb9e9c7b67e (webtiles) character file.

Game seed: 17822899760292387305

158 BinkBink the Ducker (level 5, -3/41 HPs)
             Began as a Djinni Monk on Dec 6, 2021.
             Was an Initiate of Ashenzari.
             Slain by Grinder (6 damage)
             ... on level 3 of the Dungeon.
             The game lasted 00:04:13 (2274 turns).

BinkBink the Ducker (Djinni Monk)                   Turns: 2274, Time: 00:04:13

Health: -3/41      AC:  2    Str: 16    XL:     5   Next: 66%
Gold:   171        EV: 14    Int: 12    God:    Ashenzari [......] SH:  0 Dex: 17

rFire   + + .      SeeInvis .   a - +0 short sword
rCold   x . .      Faith    .   (no shield)
rNeg    . . .      Spirit   .   b - +0 robe
rPois   ∞          Reflect  .   (no helmet)
rElec   .          Harm     .   (no cloak)
rCorr   .          Rampage  .   (no gloves)
Will    .....                   (boots unavailable)
Stlth   ++........              d - amulet "Cursed With Me" {Regen+, Evo, Fort} (curse)
HPRegen 0.93/turn               e - +6 ring of strength
MPRegen 0.00/turn               (no ring)

@: flying
A: sickness immunity, fire resistance 2, cold vulnerability 1, float, innate
caster, hp casting, extra vitality 1
a: Renounce Religion, Curse Item, Shatter the Chains


You were on level 3 of the Dungeon.
You worshipped Ashenzari.
Ashenzari was noncommittal.
You visited 1 branch of the dungeon, and saw 3 of its levels.

You collected 171 gold pieces.

Inventory:

Hand Weapons
 a - a +0 short sword (weapon)
 j - a +1 dagger of speed
Armour
 b - a +0 robe (worn)
Magical Staves
 f - a staff of poison
Jewellery
 d - the cursed amulet "Cursed With Me" (around neck) {Regen+, Evo, Fort}
   (You found it on level 1 of the Dungeon)

   [amulet of regeneration]

   Regen:     It increases your rate of health regeneration.
   It has a curse which improves the following skills: Evocations: Evocations.
   Fortitude: Armour and Shields.
 e - a +6 ring of strength (left hand)
Wands
 l - a wand of flame (7)
Scrolls
 g - 2 scrolls of fog {unknown}
 i - 2 scrolls of identify {unknown}
 k - a scroll of noise {unknown}
Potions
 c - 2 potions of curing {unknown}
 h - 2 potions of mutation {unknown}


   Skills:
 + Level 3.7 Fighting
 + Level 3.9 Short Blades
 + Level 4.3 Dodging
 + Level 2.2 Stealth


You had one spell level left.
You knew the following spells:

 Your Spells              Type           Power      Damage    Failure   Level
a - Sandblast             Erth           0%         2d4       32%         1
b - Scorch                Fire           0%         2d5       45%         2
Your spell library was empty.

Dungeon Overview and Level Annotations

Branches:
Dungeon (3/15)

Altars:
Ashenzari

Annotations:
D:3 Grinder


Innate Abilities, Weirdness & Mutations

You are immune to sickness and miasma.
You are immune to poison.
Your flesh is very heat resistant. (rF++)
You are vulnerable to cold. (rC-)
You float through the air rather than walking.
You learn spells naturally, not from books.
Your magical power is your life essence.
You have superior vitality. (+4 HP)


Message History

You hit Grinder.
Grinder is severely wounded.
Grinder hits you!
You writhe in agony.
You barely miss Grinder.
Grinder is severely wounded.
Grinder blinks!
Grinder gestures at you.
You suddenly lose the ability to move!
Grinder gestures at you.
You struggle to resist.
Grinder hits you!
You writhe in agony.
Grinder barely misses you.
You can move again.
You hit Grinder.
Grinder is severely wounded.
Grinder gestures at you. You resist with significant effort.
You hit Grinder.
Grinder is severely wounded.
Grinder blinks!
You hit Grinder.
Grinder is almost dead.
Grinder barely misses you.
You hit Grinder.
Grinder is almost dead.
Grinder gestures at you.
You suddenly lose the ability to move!
Grinder hits you!
You writhe in agony.
Grinder says, "You look like you could use a good racking."
Grinder hits you!
You writhe in agony.
* * * LOW HITPOINT WARNING * * *
You can move again.
You are too injured to fight recklessly!
You are too injured to fight recklessly!
You closely miss Grinder.
Grinder is almost dead.
Grinder hits you!
* * * LOW HITPOINT WARNING * * *
You writhe in agony.
You die...

########### #.........#
#.........###### #.........##...#
#..............# #.......@.##...#
################5..#...##########
..§.§.^..# #...#.............
########.##### #...#....#########
#...# #.....# #........# #...#
#.....# #......... #...# #.....#
###.....### #...# #))...# #....##
#...# ##.#### #....


You could see Grinder.

Vanquished Creatures
  Jessica (D:3)
  Robin (D:3)
  5 adders
  A worm (D:2)
  3 dart slugs
  4 endoplasms
  2 giant cockroaches
  11 goblins
  13 hobgoblins
  2 jackals (D:1)
  3 quokkas
  4 ball pythons
  3 bats
  5 frilled lizards
  3 kobolds (D:2)
  6 rats
67 creatures vanquished.

Notes
Turn   | Place    | Note
-------+----------+-------------------------------------------
     0 | D:1      | BinkBink the Djinni Monk began the quest for the Orb.
     0 | D:1      | Reached XP level 1. HP: 20/20 MP: 0/0
   198 | D:1      | Reached XP level 2. HP: 25/25 MP: 0/0
   514 | D:1      | Reached XP level 3. HP: 30/30 MP: 0/0
   514 | D:1      | Learned a level 1 spell: Sandblast
  1141 | D:2      | Found a faded altar of an unknown god.
  1226 | D:2      | Prayed at the altar of an unknown god.
  1226 | D:2      | Became a worshipper of Ashenzari the Shackled
  1378 | D:2      | Reached XP level 4. HP: 33/35 MP: 0/0
  1473 | D:2      | Reached skill level 4 in Dodging
  1880 | D:3      | Noticed Robin
  1916 | D:3      | Killed Robin
  1934 | D:3      | Reached XP level 5. HP: 12/40 MP: 0/0
  1934 | D:3      | Learned a level 2 spell: Scorch
  1980 | D:3      | Noticed Jessica
  1991 | D:3      | Killed Jessica
  2241 | D:3      | Noticed Grinder
  2248 | D:3      | Paralysed by Grinder for 3 turns
  2260 | D:3      | Paralysed by Grinder for 7 turns
  2271 | D:3      | Paralysed by Grinder for 2 turns
  2274 | D:3      | Slain by Grinder

Illustrated notes

Levels and vault maps discovered:
D:1:      minmay_arrival_jagged, layout_basic
D:2:      layout_basic, hellmonk_ecumenical_altar_pennies_from_heaven,
          minmay_surrounded
D:3:      layout_basic, uniq_jessica, uniq_grinder, uniq_robin

Skill      XL: |  1  2  3  4 |
---------------+-------------+-----
Short Blades   | 3 |  3.9
Dodging        | 4 |  4.3
Stealth        | 2 |  2.2
Fighting       | |  3.7

Action                   |  1- 3 |  4- 6 || total
-------------------------+-------+-------++-------
Melee: Short sword       |   108 |   182 ||   290
Invok: Curse Item        |     1 |       ||     1
 Stab: Sleeping          |     7 |     2 ||     9
Armor: Robe              |    12 |    10 ||    22
Dodge: Dodged            |    66 |   102 ||   168

Table legend: (Time is in decaauts)
 A = Elapsed time spent in this place.
 B = Non-inter-level travel time spent in this place.
 C = Inter-level travel time spent in this place.
 D = Time resting spent in this place.
 E = Time spent auto-exploring this place.
 F = Levels seen in this place.
 G = Mean time per level.
                   A        B        C        D        E       F      G
               +--------+--------+--------+--------+--------+-----+--------+
         Total |   2252 |   2180 |     72 |      0 |   1663 |   3 |  750.7 |
       Dungeon |   2252 |   2180 |     72 |      0 |   1663 |   3 |  750.7 |
               +--------+--------+--------+--------+--------+-----+--------+

Top non-repeatable levels by time:
     D:2: 891 daAuts
     D:1: 805 daAuts
     D:3: 555 daAuts
